[Event "Early-Titled-Tuesday-Blitz-April-02-2024"]
[Site "Chess.com"]
[Date "2024.04.02"]
[Round "1"]
[White "Rawnsdale"]
[Black "FMStan15"]
[Result "1-0"]
[WhiteElo "2569"]
[BlackElo "2107"]
[TimeControl "180+1"]
[EndTime "8:06:11 PDT"]
[Termination "Rawnsdale won by checkmate"]

1. e4 e6 2. d4 d5 3. e5 c5 4. c3 Nc6 5. Nf3 Qb6 6. Be2 cxd4 7.
cxd4 Nh6 8. Nc3 Nf5 9. Na4 Qa5+ 10. Bd2 Bb4 11. Bc3 b5 12. Nc5 Bxc3+ 13. bxc3 Qxc3+ 14. Kf1 Qa5 15. g4 Nfe7 16. a4 b4 17. Kg2 O-O 18.
h4 Ng6 19. Kg3 f5 20. h5 f4+ 21. Kg2 Nge7 22. h6 g6 23. Rc1 Qb6 24. Ng5 Na5 25. f3 b3 26. Rb1 Rb8 27. Bd3 Nc4 28. Bxc4 dxc4 29. Qd2 Nd5 30. Nce4 Ne3+ 31. Kh3 Rd8 32. Nf6+ Kh8 33. Nf7# 1-0

[Event "Early-Titled-Tuesday-Blitz-April-02-2024"]
[Site "Chess.com"]
[Date "2024.04.02"]
[Round "1"]
[White "elcala"]
[Black "biostatistician"]
[Result "1-0"]
[WhiteElo "1837"]
[BlackElo "2535"]
[TimeControl "180+1"]
[EndTime "8:06:11 PDT"]
[Termination "elcala won by resignation"]

1. d4 Nf6 2. Nf3 g6 3. Bf4 Bg7 4. e3 O-O 5. Nbd2 c5 6. c3 b6 7. Bd3 Bb7 8. O-O Nc6 9. h3 d6 10. Qc2 Re8 11. Ne4 e5 12. dxe5 dxe5 13. Bg5 Qe7 14.
Nxf6+ Bxf6 15. Bxf6 Qxf6 16. Be4 Rad8 17. Rfd1 Qe6 18. b3 Kg7 19. Ng5 Qe7 20. Nf3 f5 21.
Bxc6 Bxc6 22. c4 e4 23. Ne1 Rxd1 24. Rxd1 Rd8 25. Kf1 Rd6 26. Rxd6 Qxd6 27. Ke2 Qe5 28. Qd2 Qe7 29. Qc3+ Qf6 30. Qxf6+ Kxf6 31. f3 exf3+ 32. gxf3 g5 33. Nd3 h5 34. a4 a5 35. Nf2 Bd7 36.
h4 gxh4 37. Nh3 Be8 38. Nf4 Ke5 39. Kf2 Bf7 40. Ke2 Kf6 41. Kf2 Kg5 42. Kg2 b5 43.
cxb5 Bxb3 44. b6 1-0

[Event "Early-Titled-Tuesday-Blitz-April-02-2024"]
[Site "Chess.com"]
[Date "2024.04.02"]
[Round "1"]
[White "campochess"]
[Black "mightysmasher"]
[Result "0-1"]
[WhiteElo "2185"]
[BlackElo "2584"]
[TimeControl "180+1"]
[EndTime "8:06:12 PDT"]
[Termination "mightysmasher won by resignation"]

1. d4 d5 2. Bg5 Nf6 3. Nd2 h6 4.
Bxf6 exf6 5. e3 Bd6 6. Bd3 f5 7. Ne2 O-O 8. g3 Re8 9. O-O b6 10. c4 dxc4 11. Nxc4 g6 12. Nxd6 Qxd6 13. Rc1 Bb7 14.
Nf4 Nd7 15. Be2 Nf6 16. Bf3 Ne4 17. Rc2 Rac8 18. Bg2 a5 19. Qe2 c5 20. Rd1 cxd4 21.
Rxd4 Qe5 22. Rxc8 Rxc8 23. Rc4 Rd8 24. Nd3 Qf6 25. f3 Ba6 26. Qc2 Bxc4 27. Qxc4 Nc5 28.
Nf2 Qxb2 29. h4 Rd2 30. Qf1 Qc3 31. e4 Qe3 32. exf5 Nd3 0-1

[Event "Early-Titled-Tuesday-Blitz-April-02-2024"]
[Site "Chess.com"]
[Date "2024.04.02"]
[Round "1"]
[White "AjedrezenMadrid"]
[Black "dianamirza"]
[Result "1-0"]
[WhiteElo "2559"]
[BlackElo "1978"]
[TimeControl "180+1"]
[EndTime "8:06:12 PDT"]
[Termination "AjedrezenMadrid won by resignation"]

1. Nf3 d5 2. b3 c5 3. e3 Nc6 4.
Bb5 Qc7 5. c4 e6 6. O-O Nf6 7.
Bb2 Be7 8. cxd5 exd5 9. d4 cxd4 10. Nxd4 O-O 11. Nc3 a6 12. Be2 Nxd4 13. Qxd4 Be6 14.
Rac1 Qd7 15. Na4 Qd6 16. Nb6 Rad8 17. a4 Ne8 18. a5 Bf6 19. Qd1 Bxb2 20. Rb1 Bf6 21. b4 Nc7 22. Bd3 g6 23. f4 Bg7 24.
g4 d4 25. e4 f5 26. gxf5 gxf5 27. e5 Qe7 28. Qh5 Qf7 29. Qh3 Nd5 30. Nxd5 Bxd5 31.
Kf2 Kh8 32. Rg1 Rg8 33. Rg5 h6 34. Rxf5 Qd7 35. Qh5 Bf7 36. Rxf7 Qd5 37. Qf5 1-0

[Event "Early-Titled-Tuesday-Blitz-April-02-2024"]
[Site "Chess.com"]
[Date "2024.04.02"]
[Round "1"]
[White "AjedrezInteligente"]
[Black "blitzking1729"]
[Result "0-1"]
[WhiteElo "2442"]
[BlackElo "2751"]
[TimeControl "180+1"]
[EndTime "8:06:13 PDT"]
[Termination "blitzking1729 won by resignation"]

1. e4 e5 2. Nf3 Nc6 3. d4 exd4 4. Bc4 Nf6 5. O-O Nxe4 6. Re1 d5 7. Bxd5 Qxd5 8. Nc3 Qd8 9. Nxe4 Be7 10. Bg5 f6 11. Nxf6+ gxf6 12. Bxf6 O-O 13. Bxe7 Nxe7 14.
Nxd4 Nf5 15. Ne6 Qxd1 16. Raxd1 Bxe6 17. Rxe6 Rad8 18. Rxd8 Rxd8 19. g4 Nh4 20. Kf1 Ng6 21.
f4 Nxf4 22. Re7 Nd5 23. Re5 Kf7 24. a3 c6 25. Kf2 Re8 26. Rf5+ Kg6 27. h4 Nf6 28.
h5+ Kg7 29. Kf3 h6 30. g5 Nxh5 31. gxh6+ Kg6 32. Ra5 a6 33. Ra4 Kxh6 34. Rb4 Re7 35. Kg4 Kg6 36. Rd4 Nf6+ 37. Kf4 Rd7 38. Rb4 Nd5+ 0-1

[Event "Early-Titled-Tuesday-Blitz-April-02-2024"]
[Site "Chess.com"]
[Date "2024.04.02"]
[Round "1"]
[White "Orphanator2009"]
[Black "Azerichess"]
[Result "0-1"]
[WhiteElo "2542"]
[BlackElo "3028"]
[TimeControl "180+1"]
[EndTime "8:06:14 PDT"]
[Termination "Azerichess won by checkmate"]

1. e4 c5 2. Nf3 e6 3. d4 cxd4 4. Nxd4 Nc6 5. Nc3 Nf6 6. Ndb5 Bc5 7. Nd6+ Ke7 8. Bf4 e5 9. Nf5+ Kf8 10. Bg5 d6 11.
Bc4 h6 12. Bxf6 Qxf6 13. Nd5 Qd8 14. Nfe3 g6 15. c3 a6 16. O-O Kg7 17. Qe2 h5 18. Rad1 Be6 19. Kh1 Rc8 20. Bb3 Qh4 21. f4 Bg4 22.
Nxg4 hxg4 23. g3 Qxg3 24. Nf6 Kxf6 25. fxe5+ Kg5 26. Qd2+ Be3 27. Qe2 Nxe5 28. Rxd6 Bf4 29. Rf2 Nf3 30. Rd5+ f5 31. exf5 Qg1# 0-1

[Event "Early-Titled-Tuesday-Blitz-April-02-2024"]
[Site "Chess.com"]
[Date "2024.04.02"]
[Round "1"]
[White "RedFirePanda"]
[Black "Baku_Boulevard"]
[Result "0-1"]
[WhiteElo "2543"]
[BlackElo "3034"]
[TimeControl "180+1"]
[EndTime "8:06:16 PDT"]
[Termination "Baku_Boulevard won by checkmate"]

1. d4 d6 2. Bf4 Nf6 3. e3 g6 4. Nd2 Bg7 5. h3 c5 6. c3 O-O 7.
Be2 Nc6 8. Ngf3 cxd4 9. exd4 Re8 10. O-O e5 11. dxe5 dxe5 12. Bh2 e4 13. Ne1 Be6 14.
Bc4 Qe7 15. Bxe6 Qxe6 16. Qb3 Rad8 17. Qxe6 Rxe6 18. Nb3 Nd5 19. Nc2 b6 20. Rad1 Ree8 21. Rfe1 f5 22. Ncd4 Nxd4 23. Nxd4 Nb4 24. cxb4 Bxd4 25.
Rc1 Bxb2 26. Rc7 Ba3 27. Rxa7 Bxb4 28. Rb1 Bc5 29. Bg3 Rd2 30. a4 e3 31. fxe3 Rxe3 32. Kh2 Ree2 33. Ra8+ Kf7 34. Bc7 Rxg2+ 35. Kh1 Rge2 36.
Rc1 g5 37. Rf1 f4 38. Rc1 Rh2# 0-1

[Event "Early-Titled-Tuesday-Blitz-April-02-2024"]
[Site "Chess.com"]
[Date "2024.04.02"]
[Round "1"]
[White "Navyblue1"]
[Black "arenal72"]
[Result "0-1"]
[WhiteElo "2282"]
[BlackElo "2614"]
[TimeControl "180+1"]
[EndTime "8:06:17 PDT"]
[Termination "arenal72 won by resignation"]

1. d4 d6 2. c4 e5 3. Nf3 e4 4. Ng5 f5 5. Nh3 Nf6 6. g3 Be7 7. Bg2 O-O 8. O-O c6 9. Nc3 Be6 10. d5 Bf7 11. f3 exf3 12. exf3 cxd5 13. cxd5 Nbd7 14. f4 Qb6+ 15. Kh1 Rac8 16. Nf2 Rfe8 17. Qd3 Nc5 18. Qd4 Nfd7 19. Rb1 Bf6 20. Qc4 Ne4 21. Qxc8 Nxf2+ 22. Rxf2 Rxc8 23. Nd1 Bd4 24. Re2 Bh5 25. Re1 Nf6 26. Be3 Bxd1 27. Bxd4 Qxd4 28. Rexd1 Qb6 29. Re1 Ng4 30. h3 Ne3 31. Kh2 Rc2 32. Rg1 Rxb2 33. Rxb2 Qxb2 34. Kh1 Qxa2 35. Bf3 Qf2 36.
Bg2 Qxg3 0-1

[Event "Early-Titled-Tuesday-Blitz-April-02-2024"]
[Site "Chess.com"]
[Date "2024.04.02"]
[Round "1"]
[White "LiadCuba"]
[Black "WCM-Mexicana"]
[Result "1-0"]
[WhiteElo "2560"]
[BlackElo "2014"]
[TimeControl "180+1"]
[EndTime "8:06:17 PDT"]
[Termination "LiadCuba won by checkmate"]

1. d4 Nf6 2. c4 d5 3. cxd5 Nxd5 4. Nf3 g6 5. e4 Nb6 6. Nc3 Bg7 7. Bg5 O-O 8. Be2 h6 9. Bh4 g5 10. Bg3 Bg4 11. Ne5 Bxe2 12. Nxe2 c5 13. d5 N8d7 14. Nxd7 Qxd7 15. Nc3 Nc4 16. Qe2 Ne5 17. O-O a6 18. Rad1 b5 19. f4 Nc4 20. fxg5 hxg5 21. e5 Rad8 22. Kh1 Nb6 23. d6 exd6 24. Rxd6 Qb7 25.
Qg4 Rde8 26. Ne4 Nd5 27. Qxg5 Qe7 28. Nf6+ Nxf6 29. exf6 Qe2 30. Qxg7# 1-0

[Event "Early-Titled-Tuesday-Blitz-April-02-2024"]
[Site "Chess.com"]
[Date "2024.04.02"]
[Round "1"]
[White "promen1999"]
[Black "VanRommel28"]
[Result "1-0"]
[WhiteElo "2884"]
[BlackElo "2506"]
[TimeControl "180+1"]
[EndTime "8:06:18 PDT"]
[Termination "promen1999 won by resignation"]

1. Nf3 g6 2. c4 Bg7 3. d4 d6 4. Nc3 Nf6 5. e4 O-O 6. Be2 Bg4 7. Be3 Nfd7 8. Qd2 Nc6 9. d5 Bxf3 10. gxf3 Ncb8 11. h4 h5 12. O-O-O a6 13. Bh6 b5 14.
Rdg1 Nf6 15. Bxg7 Kxg7 16. f4 b4 17. Nd1 Nbd7 18. f5 c6 19. fxg6 fxg6 20. Qg5 Ne5 21.
Bxh5 Nxe4 22. Qe3 Nf6 23. Bxg6 cxd5 24. Bf5+ Kf7 25. f4 Qc7 26. fxe5 dxe5 27. Kb1 e6 28. Bc2 Rg8 29. Rf1 Ke7 30. cxd5 Nxd5 31. Qh6 Kd6 32. Nf2 Rac8 33. Ne4+ Kc6 34. Qxe6+ Kb7 35.
Qxd5+ Ka7 36. Bb3 1-0

[Event "Early-Titled-Tuesday-Blitz-April-02-2024"]
[Site "Chess.com"]
[Date "2024.04.02"]
[Round "1"]
[White "DeArron_Fox"]
[Black "alexrustemov"]
[Result "0-1"]
[WhiteElo "2509"]
[BlackElo "2899"]
[TimeControl "180+1"]
[EndTime "8:06:19 PDT"]
[Termination "alexrustemov won by resignation"]

1. d4 d5 2. c4 dxc4 3. e3 Nf6 4. Bxc4 e6 5. Nf3 c5 6. O-O a6 7. Be2 Nbd7 8. b3 b6 9. Bb2 Bb7 10. Nbd2 Be7 11. Rc1 O-O 12. Nc4 b5 13. Nce5 cxd4 14. Bxd4 Rc8 15. Rxc8 Qxc8 16. Qa1 Nxe5 17. Nxe5 Qa8 18.
Bf3 Rc8 19. a4 Bxf3 20. Nxf3 Qd5 21. axb5 axb5 22. Qb1 h6 23. h3 Qe4 24. Qxe4 Nxe4 25. Ra1 f6 26. Ne1 e5 27. Bb2 Nd2 28. Ra7 Bf8 29. Rb7 b4 30. Nd3 Rc2 31. f4 e4 32.
Nxb4 Bxb4 33. Rxb4 Rxb2 34. Rd4 f5 35. b4 Kf7 36.
Kh2 Nf3+ 0-1

[Event "Early-Titled-Tuesday-Blitz-April-02-2024"]
[Site "Chess.com"]
[Date "2024.04.02"]
[Round "1"]
[White "viktorgen2021"]
[Black "Nemegejas"]
[Result "0-1"]
[WhiteElo "2488"]
[BlackElo "2816"]
[TimeControl "180+1"]
[EndTime "8:06:19 PDT"]
[Termination "Nemegejas won by resignation"]

1. d4 Nf6 2. Nf3 c5 3. d5 b5 4. c4 b4 5. a3 g6 6. axb4 cxb4 7. Nbd2 Bg7 8. e4 d6 9. Qa4+ Bd7 10. Qxb4 a5 11. Qa3 O-O 12. c5 dxc5 13. Qxc5 e6 14.
dxe6 Bxe6 15. Bc4 Nbd7 16. Qe3 Bxc4 17. Nxc4 Nxe4 18. O-O Re8 19. Qa3 Qc7 20. Nxa5 Nb6 21. Qb4 Nd5 22. Qb5 Ndc3 23. Qb3 Ne2+ 24. Kh1 Rxa5 25. Rxa5 Qxa5 26. Qc4 Qc5 27. Qxc5 Nxc5 28. Be3 Nd3 29. b3 Bc3 30. Rd1 Rxe3 0-1

[Event "Early-Titled-Tuesday-Blitz-April-02-2024"]
[Site "Chess.com"]
[Date "2024.04.02"]
[Round "1"]
[White "KubaGepard"]
[Black "JaackCamel"]
[Result "1-0"]
[WhiteElo "2584"]
[BlackElo "2186"]
[TimeControl "180+1"]
[EndTime "8:06:19 PDT"]
[Termination "KubaGepard won on time"]

1. e4 e6 2. d4 d5 3. Nc3 Bb4 4.
e5 Ne7 5. Bd2 b6 6. Nce2 Bxd2+ 7. Qxd2 Ba6 8. f4 c5 9. Nf3 Nbc6 10. c3 O-O 11. g3 Nf5 12. Bh3 Bxe2 13. Qxe2 cxd4 14.
Bxf5 exf5 15. cxd4 Qe7 16. O-O h6 17. Rac1 Rac8 18.
a3 Rfe8 19. b4 Qe6 20. Qa6 Qd7 21. Qa4 Qb7 22. Qb3 Red8 23. Rc2 Ne7 24. Rfc1 Rxc2 25. Rxc2 Rc8 26. b5 Rc4 27. Kf2 Qc8 28. Ne1 Rxc2+ 29. Qxc2 Qxc2+ 30. Nxc2 Kf8 31. Ne3 Ke8 32. h3 Kd7 33. g4 Ke6 34. Kg3 g6 35. Kh4 fxg4 36. hxg4 Kd7 37. f5 Kc7 38. f6 1-0

[Event "Early-Titled-Tuesday-Blitz-April-02-2024"]
[Site "Chess.com"]
[Date "2024.04.02"]
[Round "1"]
[White "Alexander_Donchenko"]
[Black "Actuary44"]
[Result "1-0"]
[WhiteElo "2885"]
[BlackElo "2507"]
[TimeControl "180+1"]
[EndTime "8:06:21 PDT"]
[Termination "Alexander_Donchenko won by checkmate"]

1. e4 b6 2. d4 Bb7 3. Bd3 e6 4.
Nc3 Nf6 5. Nge2 d5 6. e5 Nfd7 7.
O-O c5 8. f4 c4 9. f5 cxd3 10.
Qxd3 Qh4 11. Rf4 Qe7 12. Nb5 Qd8 13. fxe6 fxe6 14. Qh3 Nxe5 15. Qxe6+ Qe7 16. Nd6+ Kd8 17. Nxb7+ Qxb7 18. Qxe5 Nd7 19. Qg5+ Be7 20. Qxg7 Kc7 21. Rf7 Rhg8 22. Bf4+ Kc6 23. Qh6+ Rg6 24. Qxh7 Nf8 25. Rxf8 Rxf8 26. Qxg6+ Rf6 27. Qd3 Qd7 28. Rf1 Qg4 29. h3 Qh5 30. Be5 Rxf1+ 31. Kxf1 Bh4 32. Qf3 Qg6 33. Nf4 Qxc2 34. Qxd5# 1-0

[Event "Early-Titled-Tuesday-Blitz-April-02-2024"]
[Site "Chess.com"]
[Date "2024.04.02"]
[Round "1"]
[White "Fengwi"]
[Black "IMchanged"]
[Result "0-1"]
[WhiteElo "2364"]
[BlackElo "2669"]
[TimeControl "180+1"]
[EndTime "8:06:21 PDT"]
[Termination "IMchanged won by resignation"]

1. Nf3 d5 2. b3 Bg4 3. e3 Nd7 4. Bb2 Ngf6 5. d3 e6 6. Nbd2 Bd6 7. h3 Bh5 8. g4 Bg6 9. Nh4 a5 10. a3 Qe7 11. Bg2 Be5 12. d4 Bd6 13. Nxg6 hxg6 14.
c4 c6 15. g5 Nh5 16. h4 f6 17.
Qg4 f5 18. Qe2 a4 19. b4 Kf7 20. Rh3 Rab8 21. c5 Bc7 22. f4 b6 23. cxb6 Bxb6 24.
Rc1 Rbc8 25. Nf3 Qd6 26. Kf2 Qb8 27. Rhh1 Qd6 28. Rc2 Rc7 29. Rhc1 Ra8 30. Rc3 Ba7 31. Qc2 Rac8 32. Qxa4 Bb6 33. Qc2 Ba7 34. b5 c5 35.
dxc5 Rxc5 36. Rxc5 Rxc5 37. Qa4 Qb6 38. Rxc5 Nxc5 39.
Qb4 Nd3+ 0-1

[Event "Early-Titled-Tuesday-Blitz-April-02-2024"]
[Site "Chess.com"]
[Date "2024.04.02"]
[Round "1"]
[White "willyam13"]
[Black "Mops_2004"]
[Result "0-1"]
[WhiteElo "2452"]
[BlackElo "2769"]
[TimeControl "180+1"]
[EndTime "8:06:23 PDT"]
[Termination "Mops_2004 won by resignation"]

1. e4 g6 2. d4 Bg7 3. Nc3 d6 4. Be3 a6 5. Qd2 b5 6. h4 h6 7.
O-O-O Bb7 8. f3 Nd7 9. Nh3 e6 10. Nf4 Ne7 11. Kb1 c5 12. dxc5 dxc5 13. Bxb5 axb5 14.
Nxb5 O-O 15. Qxd7 Qa5 16. a3 Bc6 17. Qxe7 Qxb5 18. Nd3 Rxa3 19. Qxc5 Rfa8 20. Kc1 Rxd3 21. Rxd3 Ra1+ 22. Kd2 Rxh1 23. Rd8+ Kh7 24. Qxb5 Bxb5 25.
Rb8 Bf1 26. Rb7 Bxg2 27. Rxf7 Kg8 28. Rb7 Bxf3 29. Rb8+ Kh7 30. Rb7 Bxe4 0-1

[Event "Early-Titled-Tuesday-Blitz-April-02-2024"]
[Site "Chess.com"]
[Date "2024.04.02"]
[Round "1"]
[White "ChessFighter_2011"]
[Black "tusplingher"]
[Result "1/2-1/2"]
[WhiteElo "2917"]
[BlackElo "2532"]
[TimeControl "180+1"]
[EndTime "8:06:24 PDT"]
[Termination "Game drawn by repetition"]

1. c4 e5 2. Nc3 Nf6 3. Nf3 Nc6 4. e3 e4 5. Ng5 Qe7 6. Qc2 Nb4 7. Qb1 d5 8. a3 Nd3+ 9. Bxd3 exd3 10. Qxd3 dxc4 11.
Qxc4 h6 12. Nf3 Be6 13. Qe2 O-O-O 14. O-O g5 15. d4 g4 16. Ne5 h5 17. e4 Rxd4 18.
Nb5 Ra4 19. Qc2 Ra5 20. a4 Qc5 21. Qd2 Rxb5 22. axb5 Qxe5 23. Rxa7 b6 24. Ra8+ Kb7 25. Qd8 Bg7 26. Rb8+ Ka7 27. Ra8+ Kb7 28. Rb8+ Ka7 29. Ra8+ Kb7 1/2-1/2

[Event "Early-Titled-Tuesday-Blitz-April-02-2024"]
[Site "Chess.com"]
[Date "2024.04.02"]
[Round "1"]
[White "Rodalquilar"]
[Black "LileKoridze"]
[Result "1-0"]
[WhiteElo "2737"]
[BlackElo "2431"]
[TimeControl "180+1"]
[EndTime "8:06:26 PDT"]
[Termination "Rodalquilar won by resignation"]

1. d4 Nf6 2. Nf3 e6 3. Bf4 b5 4. e3 a6 5. a4 b4 6. Nbd2 Bb7 7. a5 Be7 8. h3 O-O 9. Bd3 c5 10. O-O Nc6 11. Nc4 d5 12. Nb6 Ra7 13. dxc5 Bxc5 14.
Nd4 Bxb6 15. Nxc6 Bxc6 16. axb6 Qxb6 17. Be5 Raa8 18. Bxf6 gxf6 19. Qg4+ Kh8 20. Qh4 f5 21. Qf6+ Kg8 22. g4 fxg4 23. hxg4 Qd8 24. Qh6 f5 25. gxf5 Rf7 26. fxe6 Rg7+ 27. Kh2 Qd6+ 28. f4 Qf8 29. Rg1 Ra7 30. e7 Qxe7 31. Qxh7+ Kf8 32. Qh8+ 1-0

[Event "Early-Titled-Tuesday-Blitz-April-02-2024"]
[Site "Chess.com"]
[Date "2024.04.02"]
[Round "1"]
[White "Journey_to_GrandMaster_YT"]
[Black "teresin05"]
[Result "1-0"]
[WhiteElo "2603"]
[BlackElo "2233"]
[TimeControl "180+1"]
[EndTime "8:06:26 PDT"]
[Termination "Journey_to_GrandMaster_YT won by resignation"]

1. d4 d5 2. c4 c6 3. Nc3 dxc4 4.
a4 e5 5. e3 exd4 6. exd4 Be6 7.
Nf3 Nd7 8. Nd2 Ngf6 9. Bxc4 Bxc4 10. Nxc4 Bb4 11. O-O O-O 12. Qb3 c5 13. dxc5 Bxc3 14. Qxc3 Nxc5 15. Be3 Nce4 16. Qb3 b6 17. Rfd1 Qc7 18.
Rac1 Qb7 19. h3 Nd5 20. Bd4 Nef6 21. Qf3 Qe7 22. Re1 Qb4 23. b3 Rae8 24. Red1 Rd8 25. Bb2 Rfe8 26. Ba3 Nc3 27. Bxb4 Nxd1 28. Rxd1 Nd5 29.
Rxd5 1-0

[Event "Early-Titled-Tuesday-Blitz-April-02-2024"]
[Site "Chess.com"]
[Date "2024.04.02"]
[Round "1"]
[White "HeroWilczek"]
[Black "Jospem"]
[Result "0-1"]
[WhiteElo "2546"]
[BlackElo "3058"]
[TimeControl "180+1"]
[EndTime "8:06:27 PDT"]
[Termination "Jospem won by checkmate"]

1. e4 c5 2. Nf3 d6 3. Bb5+ Nd7 4. c3 a6 5. Ba4 Nf6 6. Qe2 b5 7. Bc2 Bb7 8. O-O e5 9. d4 Be7 10. d5 c4 11. b4 cxb3 12. axb3 O-O 13. b4 Nb6 14. h3 Nfd7 15. Be3 Kh8 16. Nbd2 f5 17. exf5 Nxd5 18. Ne4 Qc7 19. Qd2 Rac8 20. Ra3 N5f6 21. Neg5 Qc6 22. Ne6 Rfe8 23. Ne1 Nf8 24. Bd1 Nxe6 25. fxe6 Qc4 26. Be2 Qxe6 27. Bf3 d5 28. Bg5 Qf7 29. Nc2 Rcd8 30. Re1 h6 31.
Bh4 Ne4 32. Bxe4 dxe4 33. Qe2 Bxh4 34. Ne3 Rf8 35. Rf1 Bg5 36. Ng4 e3 37. Nxe5 exf2+ 38. Kh1 Qf5 39. Nf3 Bh4 40. c4 Bg3 41. c5 Rd4 42. Re3 Rh4 43. Nxh4 Qxh3# 0-1

[Event "Early-Titled-Tuesday-Blitz-April-02-2024"]
[Site "Chess.com"]
[Date "2024.04.02"]
[Round "1"]
[White "ritanovikova"]
[Black "MrChessSponge"]
[Result "0-1"]
[WhiteElo "2122"]
[BlackElo "2569"]
[TimeControl "180+1"]
[EndTime "8:06:27 PDT"]
[Termination "MrChessSponge won by resignation"]

1. e4 c6 2. d4 d5 3. exd5 cxd5 4. Bd3 Nc6 5. Be3 Nf6 6. c3 a6 7. Nf3 Bg4 8. Nbd2 e6 9. h3 Bh5 10. Qb3 Rb8 11. Ne5 Nxe5 12. dxe5 Nd7 13. f4 Bc5 14.
Bf2 Bg6 15. Bxg6 hxg6 16. O-O O-O 17. Nf3 Bxf2+ 18. Rxf2 Nc5 19. Qc2 Ne4 20. Re2 b5 21.
Rd1 Qb6+ 22. Kh2 b4 23. c4 Rfc8 24. b3 Nc3 25. cxd5 Nxd5 26. Qd2 Nc3 27. Ng5 Rd8 28. Qe1 Rxd1 29. Qh4 Qg1+ 30. Kg3 Nxe2+ 31. Kg4 Qxg2+ 0-1

[Event "Early-Titled-Tuesday-Blitz-April-02-2024"]
[Site "Chess.com"]
[Date "2024.04.02"]
[Round "1"]
[White "sakkikuska"]
[Black "Radzio1987"]
[Result "0-1"]
[WhiteElo "2513"]
[BlackElo "2902"]
[TimeControl "180+1"]
[EndTime "8:06:28 PDT"]
[Termination "Radzio1987 won by resignation"]

1. e4 c5 2. Nf3 d6 3. d4 cxd4 4. Nxd4 Nf6 5. f3 Nc6 6. c4 e6 7. Nc3 Be7 8. Be3 O-O 9. Qd2 d5 10. exd5 exd5 11. O-O-O a6 12. cxd5 Nxd5 13. Nxc6 bxc6 14.
Nxd5 cxd5 15. Qxd5 Qc7+ 16. Qc4 Qa5 17. Kb1 Be6 18.
Bd2 Qb6 19. Qa4 Bf6 20. Qa3 Rfd8 21. Be2 Bf5+ 22. Ka1 Qf2 23. Qe3 Qxg2 24. Rdg1 Qh3 25.
Rg3 Qh4 26. Bc3 Re8 27. Qf2 Bxc3 28. Rxg7+ Bxg7 29. Qxh4 Rxe2 30. Rg1 Bg6 0-1

[Event "Early-Titled-Tuesday-Blitz-April-02-2024"]
[Site "Chess.com"]
[Date "2024.04.02"]
[Round "1"]
[White "robertoalejandro10"]
[Black "BVB009"]
[Result "0-1"]
[WhiteElo "2497"]
[BlackElo "2852"]
[TimeControl "180+1"]
[EndTime "8:06:28 PDT"]
[Termination "BVB009 won by resignation"]

1. Nf3 d5 2. c4 e6 3. b3 Nf6 4. Bb2 Bd6 5. g3 O-O 6. Bg2 Nbd7 7. O-O b6 8. Nc3 Bb7 9. d4 a6 10. e3 Qe7 11. Qd2 Rfd8 12. Rfd1 c5 13. cxd5 Nxd5 14.
Rac1 N5f6 15. Qe2 Rac8 16. Na4 cxd4 17. Nxd4 Bxg2 18. Kxg2 Nc5 19. Nxc5 Bxc5 20. Nf3 Qb7 21. Bxf6 gxf6 22. Kg1 Bf8 23. Rxc8 Rxc8 24. Nd4 f5 25. h4 Bg7 26. Nf3 h6 27. Kh2 a5 28. Nd4 Qe4 29. Qd3 Qa8 30. Nb5 Qf3 31. Qd2 Bf6 32. Kg1 Rd8 33. Qxd8+ Bxd8 34. Rxd8+ Kg7 35. Rd7 Qc6 0-1

[Event "Early-Titled-Tuesday-Blitz-April-02-2024"]
[Site "Chess.com"]
[Date "2024.04.02"]
[Round "1"]
[White "Rashad_Zeynalli"]
[Black "KorolDimitriy75"]
[Result "1-0"]
[WhiteElo "2680"]
[BlackElo "2389"]
[TimeControl "180+1"]
[EndTime "8:06:28 PDT"]
[Termination "Rashad_Zeynalli won on time"]

1. d4 Nf6 2. Bf4 c5 3. d5 Qb6 4. Nc3 Qxb2 5. Bd2 Qb6 6. e4 d6 7. Nf3 g6 8. Bc4 Bg7 9. h3 O-O 10. O-O a6 11. Re1 Nbd7 12. Qc1 Qc7 13. a4 Rb8 14.
Bh6 Qa5 15. Bd2 Ne8 16. Ra3 Qd8 17. Bf4 Qa5 18. Bd2 Qd8 19. Bg5 Nc7 20. a5 b5 21.
axb6 Rxb6 22. Bh6 Rb4 23. Bf1 Bb7 24. Rd1 Qb8 25. h4 Nf6 26. Re1 Re8 27. Bxg7 Kxg7 28. Bd3 e6 29. e5 dxe5 30. d6 Ncd5 31. Nxd5 exd5 32. Bxa6 Bc6 33. Nxe5 Qxd6 34. Rae3 Re4 35. Rxe4 Nxe4 36. Qa1 1-0

[Event "Early-Titled-Tuesday-Blitz-April-02-2024"]
[Site "Chess.com"]
[Date "2024.04.02"]
[Round "1"]
[White "newauto"]
[Black "TERMINATOR_PC"]
[Result "0-1"]
[WhiteElo "2212"]
[BlackElo "2597"]
[TimeControl "180+1"]
[EndTime "8:06:28 PDT"]
[Termination "TERMINATOR_PC won by resignation"]

1. d4 Nf6 2. Nf3 e6 3. Bg5 d5 4. Nbd2 c5 5. e3 Nc6 6. c3 Bd6 7. Bd3 h6 8. Bh4 b6 9. O-O Bb7 10. Re1 g5 11. Bg3 Bxg3 12. hxg3 cxd4 13. cxd4 Qd6 14.
Rc1 g4 15. Ne5 Nxe5 16. dxe5 Qxe5 17. Bb5+ Kf8 18. Qa4 Kg8 19. Bc6 Bxc6 20. Rxc6 Kg7 21. Rec1 Qxb2 22. Nb3 Ne4 23. R6c2 Qe5 24. Nd4 h5 25.
Rc7 Nc5 26. Qc6 Rh6 27. Nb5 Rf8 28. Rxa7 h4 29. gxh4 Rxh4 30. g3 Rh3 31. Nd6 Qh5 32.
Kf1 Rh1+ 33. Ke2 Rxc1 34. Qxb6 Rc2+ 35. Kd1 Rxf2 0-1

[Event "Early-Titled-Tuesday-Blitz-April-02-2024"]
[Site "Chess.com"]
[Date "2024.04.02"]
[Round "1"]
[White "PavelShkapenko"]
[Black "UK_23"]
[Result "1-0"]
[WhiteElo "2709"]
[BlackElo "2400"]
[TimeControl "180+1"]
[EndTime "8:06:29 PDT"]
[Termination "PavelShkapenko won by resignation"]

1. e4 e5 2. Nf3 Nc6 3. Nc3 Nf6 4. d4 exd4 5. Nxd4 Bb4 6. Nxc6 bxc6 7. Bd3 d5 8. exd5 O-O 9. O-O Bg4 10. f3 Bh5 11. Bg5 Qd6 12. Qe1 cxd5 13. Qh4 Bxc3 14. bxc3 Bg6 15.
Bxf6 Qxf6 16. Qxf6 gxf6 17. Kf2 Rfb8 18. Rfb1 Rb6 19.
a4 Rab8 20. Rb5 c6 21. Rc5 Rb2 22. Ke3 Re8+ 23. Kd4 Re6 24. a5 Kf8 25. Ra4 Bxd3 26. Kxd3 Ke7 27. Rb4 Kd6 28. Rxd5+ Kxd5 29. Rxb2 c5 30.
c4+ Kc6 31. Rb8 Rd6+ 32. Kc3 Re6 33. Rf8 Re3+ 34. Kd2 Re7 35. Rh8 Kb7 36. Rxh7 Ka6 37. Rh6 Re6 38. Rh7 Re7 39. Rh5 Rc7 40. Rf5 Rc6 41. h4 Kxa5 42. Kc3 Kb6 43. h5 Re6 44. h6 Re2 45. g4 Re3+ 46. Kd2 Re8 47. Rxf6+ Ka5 48.
Kc3 Re3+ 49. Kd2 Re8 50. Rxf7 a6 51. g5 Kb4 52. g6 Kxc4 53. g7 1-0

[Event "Early-Titled-Tuesday-Blitz-April-02-2024"]
[Site "Chess.com"]
[Date "2024.04.02"]
[Round "1"]
[White "ljuks68"]
[Black "wqws"]
[Result "0-1"]
[WhiteElo "2413"]
[BlackElo "2721"]
[TimeControl "180+1"]
[EndTime "8:06:30 PDT"]
[Termination "wqws won on time"]

1. e4 e5 2. Nf3 Nc6 3. Bb5 a6 4.
Ba4 Nf6 5. Qe2 b5 6. Bb3 Be7 7.
c3 O-O 8. O-O d6 9. d4 Bg4 10. Rd1 Qb8 11. h3 Bh5 12. g4 Bg6 13. Bc2 exd4 14. Nxd4 Nxd4 15. cxd4 Qb7 16. f3 Rfe8 17. Nc3 b4 18. Nb1 c5 19. d5 Bf8 20.
Qf2 Rac8 21. Nd2 c4 22. Ba4 Re7 23. Bc6 Rxc6 24. dxc6 Qxc6 25. Nf1 d5 26. e5 Rxe5 27. Be3 Rxe3 28. Nxe3 Bc5 29. Kg2 h5 30. Qd2 Bd3 31. Nc2 hxg4 32. hxg4 Nxg4 33. fxg4 d4+ 34. Kg1 Bxc2 35.
Re1 d3+ 36. Kh2 Bd6+ 37. Kg1 Qc5+ 0-1